 Dungeon Crawl Stone Soup version 0.30-a0-439-g9e77e4d916 (webtiles) character file.

Game seed: 1113437264199677187

37 LordRotharoth the Chopper (level 3, 0/20 (30) HPs)
             Began as a Hill Orc Reaver on Dec 10, 2022.
             Succumbed to an adder's poison
             ... on level 2 of the Dungeon.
             The game lasted 00:04:11 (1495 turns).

LordRotharoth the Chopper (Hill Orc Reaver)         Turns: 1495, Time: 00:04:12

HP:   0/20 (30)     AC:  4    Str: 12 (15) XL:     3   Next: 41%
MP:   5/5           EV: 11    Int: 10 (12) God:
Gold: 104           SH:  0    Dex: 10 (13) Spells: 4/5 levels left

rFire   . . .      SeeInvis .    a - +0 hand axe
rCold   x . .      Faith    .    (no shield)
rNeg    . . .      Spirit   .    b - +0 leather armour
rPois   .          Reflect  .    (no helmet)
rElec   .          Harm     .    d - +0 cloak
rCorr   .          Rampage  .    (no gloves)
Will    .....                    (no boots)
Stlth   +.........               (no amulet)
HPRegen 0.23/turn                c - ring of flight
MPRegen 0.09/turn                (no ring)

@: lethally poisoned (0 -> -9), flying, very heavily drained
A: agile 1, sense surroundings 1, cold vulnerability 1
a: no special abilities


You were on level 2 of the Dungeon.
You visited 1 branch of the dungeon, and saw 2 of its levels.

You collected 104 gold pieces.

Inventory:

Hand Weapons
 a - a +0 hand axe (weapon)
Armour
 b - a +0 leather armour (worn)
 d - a +0 cloak (worn)
Magical Staves
 e - a staff of conjuration
Jewellery
 c - a ring of flight (left hand)
Scrolls
 f - a scroll of teleportation


   Skills:
 + Level 2.5 Fighting
 + Level 4.8 Axes
 + Level 1.1 Armour
 + Level 2.0 Dodging
 + Level 0.1 Stealth
 + Level 1.6 Spellcasting
 + Level 3.1 Conjurations
 + Level 0.2 Necromancy


You had 4 spell levels left.
You knew the following spells:

 Your Spells              Type           Power      Damage    Failure   Level
a - Kiss of Death         Conj/Necr      16%        2d6       22%         1

Your spell library contained the following spells:

 Spells                   Type           Power      Damage    Failure   Level
 Momentum Strike          Conj/Tloc      6%         3d8       32%         2
 Hailstorm                Conj/Ice       3%         3d3       54%         3


Dungeon Overview and Level Annotations

Branches:
Dungeon (2/15)

Altars:


Innate Abilities, Weirdness & Mutations

You are agile. (Dex +4, Str/Int -1)
You passively map a small area around you.
You are vulnerable to cold. (rC-)


Message History

[Y]es or [N]o only, please.
Really fly into that cloud of poison gas? [Y]es or [N]o only, please.
Really fly into that cloud of poison gas?
Okay, then.
A hobgoblin is nearby!
A hobgoblin is nearby!
You hit the hobgoblin.
You kill the hobgoblin!
There is an open door here.
There is an open door here.
Found a stone staircase leading up.
Found a stone staircase leading up.
There is a stone staircase leading up here.
An adder comes into view.
The adder hisses angrily.
You miss the adder. The adder bites you.
You are poisoned.
The adder poisons you!
You miss the adder.
You feel sick. The adder bites you but does no damage.
You closely miss the adder.
You feel sick. The adder misses you. The adder bites you.
You are more poisoned.
The adder poisons you!
You closely miss the adder.
You feel sick. The adder bites you.
You barely miss the adder.
You feel sick. The adder bites you but does no damage.
You barely miss the adder.
You feel sick. The adder bites you but does no damage. The adder bites you.
* * * LOW HITPOINT WARNING * * *
You hit the adder.
The adder is lightly wounded.
You feel sick. The adder barely misses you.
You hit the adder.
The adder is moderately wounded.
You feel sick. The adder bites you.
* * * LOW HITPOINT WARNING * * *
You are more poisoned.
The adder poisons you!
You die...

#.##.###.# *.### * #........#
..# ####.##### *#.# * #.# #.#
# #.### #.# * , ## ##...##
#.## .####.....## #..##
..##.......#########...#### ,
..'.............@.S.......+ ,
..##.......#########...####,,,
, .####.....## #.........# ##
#....## #.#####.#.# * # #.####
* #...#.# #)# * #.###.# * #.#
, #.# #.# #.# #.###.###.# ,
#.# #.........# * *


You could see an adder.

Vanquished Creatures
  A dart slug (D:1)
  5 bats
  5 endoplasms
  4 giant cockroaches
  A goblin (D:2)
  2 hobgoblins
  3 quokkas
  2 ball pythons (D:1)
  3 frilled lizards
  4 kobolds
30 creatures vanquished.

Vanquished Creatures (others)
  A bat (D:1)
1 creature vanquished.

Grand Total: 31 creatures vanquished

Notes
Turn   | Place    | Note
-------+----------+-------------------------------------------
     0 | D:1      | LordRotharoth the Hill Orc Reaver began the quest for the
                  | Orb.
     0 | D:1      | Reached XP level 1. HP: 18/18 MP: 3/3
   154 | D:1      | Reached XP level 2. HP: 19/25 MP: 4/4
   250 | D:1      | HP: 1/23 [frilled lizard (2)]
   653 | D:1      | Reached XP level 3. HP: 17/17 MP: 5/5
   941 | D:2      | Reached skill level 1 in Armour
  1122 | D:2      | Gained mutation: You are agile. (Dex +4, Str/Int -1)
                  | [potion of mutation]
  1122 | D:2      | Gained mutation: You are vulnerable to cold. (rC-) [potion
                  | of mutation]
  1122 | D:2      | Gained mutation: You passively map a small area around you.
                  | [potion of mutation]
  1494 | D:2      | HP: 1/20 [adder (3)]
  1495 | D:2      | Succumbed to an adder's poison

Illustrated notes

Levels and vault maps discovered:
D:1:      spicycebolla_arrival_xxxplode, layout_basic
D:2:      layout_loops_corners

Skill      XL: |  1  2  3 |
---------------+----------+-----
Armour         | 1 |  1.1
Dodging        | 2 |  2.0
Fighting       | |  2.5
Axes           | |  4.8
Stealth        | |  0.1
Spellcasting   | |  1.6
Conjurations   | |  3.1
Necromancy     | |  0.2

Action                   || total
-------------------------++-------
Melee: Hand axe          ||    94
 Cast: Kiss of Death     ||     4
  Use: Scroll            ||     7
       Potion            ||     5
Armor: Leather armour    ||    32
Dodge: Dodged            ||    65

Table legend: (Time is in decaauts)
 A = Elapsed time spent in this place.
 B = Non-inter-level travel time spent in this place.
 C = Inter-level travel time spent in this place.
 D = Time resting spent in this place.
 E = Time spent auto-exploring this place.
 F = Levels seen in this place.
 G = Mean time per level.
                   A        B        C        D        E       F      G
               +--------+--------+--------+--------+--------+-----+--------+
         Total |   1488 |   1488 |      0 |    125 |    705 |   2 |  744.0 |
       Dungeon |   1488 |   1488 |      0 |    125 |    705 |   2 |  744.0 |
               +--------+--------+--------+--------+--------+-----+--------+

Top non-repeatable levels by time:
     D:1: 887 daAuts
     D:2: 600 daAuts
